 Dungeon Crawl Stone Soup version 0.19.0-19-g8c6edcc (webtiles) character file.

4904 Millan the Cleaver (level 10, 0/81 HPs)
             Began as a Deep Dwarf Fighter on Nov 13, 2016.
             Was a Believer of Ru.
             Slain by a hill giant
             ... wielding a +0 giant club
              (15 damage)
             ... on level 10 of the Dungeon.
             The game lasted 00:26:02 (9486 turns).

Millan the Cleaver (Deep Dwarf Fighter)             Turns: 9486, Time: 00:26:03

Health: 0/81       AC: 17    Str: 23    XL:     10   Next: 27%
Magic:  11/11      EV:  3    Int:  9    God:    Ru [**....]
Gold:   452        SH: 16    Dex: 12    Spells: 0 memorised, 9 levels left

rFire  . . .     SeeInvis .     a - +0 war axe
rCold  . . .     Gourm    .     y - +0 plate armour
rNeg   . . .     Faith    .     c - +0 shield
rPois  .         Spirit   .     (helmet restricted)
rElec  .         Reflect  +     D - +1 cloak
rCorr  .         Harm     .     s - +0 pair of gloves
MR     +....                    (no boots)
Stlth  ..........               H - +4 amulet of reflection
                                (no ring)
                                (no ring)

@: no scrolls, non-regenerating
A: damage resistance, recharge devices, horns 1, frail 1, sense surroundings 2,
slow regeneration 3, wild magic 1, inability to read while threatened, reduced
EV 1
a: Device Recharging, Renounce Religion


You were on level 10 of the Dungeon.
You worshipped Ru.
Ru was pleased with you.
You were not hungry.

You visited 2 branches of the dungeon, and saw 11 of its levels.
You also visited: Sewer.

You collected 452 gold pieces.

Inventory:

Hand Weapons
 a - a +0 war axe (weapon)
Armour
 c - a +0 shield (worn)
 s - a +0 pair of gloves (worn)
 t - a +1 chain mail of fire resistance
 y - a +0 plate armour (worn)
 D - a +1 cloak (worn)
Jewellery
 v - an uncursed amulet of magic regeneration
 H - a +4 amulet of reflection (around neck)
 J - an uncursed amulet of regeneration
Wands
 e - a wand of heal wounds (0/9)
 g - a wand of slowing (29/48)
 h - a wand of enslavement (8/24)
 G - a wand of lightning (13/15)
Scrolls
 b - 2 scrolls of remove curse
 l - 2 scrolls of teleportation {unknown}
 n - a scroll of enchant armour {unknown}
 q - a scroll of noise
 A - a scroll of random uselessness {unknown}
 C - a scroll of amnesia {unknown}
 E - a scroll of magic mapping {unknown}
Potions
 d - 2 potions of might
 j - 4 potions of curing
 k - a potion of heal wounds {unknown}
 m - 2 potions of cancellation
 o - 2 potions of flight
 p - 3 potions of magic
 u - a potion of brilliance {unknown}
 w - a potion of haste {unknown}
 z - a potion of cure mutation {unknown}
Books
 F - a book of Cantrips

   Spells                             Type                      Level
   a - Confusing Touch                Hexes                        1
   b - Animate Skeleton               Necromancy                   1
   c - Summon Small Mammal            Summoning                    1
   d - Apportation                    Translocation                1
Comestibles
 f - 3 bread rations
 i - 5 meat rations
 r - 3 beef jerkies
 B - a royal jelly
 I - a slice of pizza


   Skills:
 + Level 5.9 Fighting
 * Level 9.6 Axes
 + Level 7.5 Armour
 * Level 9.6 Shields
 - Level 5.3 Evocations


You had 9 spell levels left.
You didn't know any spells.

Dungeon Overview and Level Annotations

Branches:
Dungeon (10/15)            Temple (1/1) D:7            Lair (0/6) D:10
    Orc: D:9-12

Altars:
Elyvilon
Fedhas
Okawaru
Qazlal
Ru
Sif Muna
Trog
Xom
Yredelemnul
Zin

Shops:
D:7 *


Innate Abilities, Weirdness & Mutations

You are resistant to damage.
You can recharge devices by infusing magical energy.
You passively map the area around you.
You do not regenerate.
You cannot read scrolls while threatened.
You have somewhat slow reflexes. (EV -3)
You have a pair of small horns on your head.
You are frail. (-10% HP)
Your spells are a little harder to cast, but a little more powerful.


Message History

You headbutt the hill giant, but do no damage.
The hill giant is severely wounded.
The hill giant hits you with a giant club!
You feel threatened and lose the ability to read scrolls!
You slash the hill giant!
The hill giant is severely wounded.
The hill giant hits you with a giant club!
* * * LOW HITPOINT WARNING * * *
You are too injured to fight recklessly!
You are too injured to fight recklessly!
You are too injured to fight recklessly!
You are too injured to fight recklessly!
You are too injured to fight recklessly!
You hit the hill giant. You headbutt the hill giant.
The hill giant is severely wounded.
You hit the hill giant but do no damage.
You headbutt the hill giant!
The hill giant is almost dead.
The hill giant hits you with a giant club!
You die...

,** ** #(<...#
#.........##.. ,
###.....###..<......##.. ,
........##............. ,
#.>.$..##............. * ,
#.)....##............. , *
#.#*.##.........##.. , #(#
.##.........##..
##.####.##.##.........##..
*
.........@C.....#.########
...####?...######.# *
###..# #.# #..# #.# * *
#..# #.# , #..# #.# ,*
*#######..# #.######## , *
.........######......... *
* ########.........##.####


You could see a hill giant.

Vanquished Creatures
  The ghost of Jerry the Thaumaturge, a novice DEFE (D:5)
  A hornet (D:9)
  A hippogriff (D:9)
  A yak (D:10)
  Menkaure (D:7)
  A water moccasin (D:8)
  An ice beast (D:7)
  A black bear (D:6)
  3 orc warriors
  A sky beast (D:5)
  3 ogres
  3 centaurs
  A crocodile (D:9)
  2 big kobolds
  3 bullfrogs
  A scorpion (D:10)
  4 howler monkeys
  10 killer bees
  3 electric eels (D:9)
  6 crimson imps
  2 centaur zombies
  A quasit (D:6)
  2 bullfrog skeletons
  Crazy Yiuf (D:7)
  7 hounds
  4 orc priests
  3 jellies
  A bullfrog zombie (D:9)
  A centaur skeleton (D:8)
  2 iguanas
  Jessica (D:3)
  Ijyb (D:3)
  6 worker ants
  7 orc wizards
  2 hound zombies (D:6)
  A hound skeleton (D:6)
  A worker ant zombie (D:9)
  10 adders
  4 river rats
  An ooze (D:5)
  2 adder skeletons
  2 worms
  8 leopard geckos
  31 orcs
  2 ball pythons
  13 bats
  7 giant cockroaches
  7 goblins
  5 hobgoblins
  10 jackals
  15 kobolds
  3 quokkas
  2 frilled lizards
  A quokka skeleton (D:6)
  11 rats
  8 fungi (D:10)
  8 plants (D:10)
241 creatures vanquished.

Vanquished Creatures (others)
  8 fungi (D:10)
  2 plants
10 creatures vanquished.

Grand Total: 251 creatures vanquished

Notes
Turn   | Place    | Note
-------+----------+-------------------------------------------
     0 | D:1      | Millan the Deep Dwarf Fighter began the quest for the Orb.
     0 | D:1      | Reached XP level 1. HP: 20/20 MP: 1/1
   352 | D:1      | Reached XP level 2. HP: 25/27 MP: 2/2
  1081 | D:2      | Reached XP level 3. HP: 28/33 MP: 3/3
  1529 | D:2      | Reached skill level 1 in Evocations
  1581 | D:3      | Noticed Ijyb
  1591 | D:3      | Killed Ijyb
  1591 | D:3      | Reached XP level 4. HP: 30/42 MP: 4/4
  1870 | D:3      | Reached XP level 5. HP: 31/49 MP: 6/6
  2054 | D:3      | Found a stormy altar of Qazlal.
  2325 | D:3      | Noticed Jessica
  2328 | D:3      | Killed Jessica
  2518 | D:4      | Reached XP level 6. HP: 47/56 MP: 7/7
  2708 | D:4      | Found a shimmering altar of Xom.
  2992 | D:4      | Reached skill level 5 in Shields
  3567 | D:5      | Entered Level 5 of the Dungeon
  3584 | D:5      | Noticed a sky beast
  3596 | D:5      | Killed a sky beast
  3596 | D:5      | Reached skill level 5 in Axes
  3596 | D:5      | Reached XP level 7. HP: 39/63 MP: 9/9
  3601 | D:5      | Gained mutation: You have a pair of small horns on your head. [mutagenic meat]
  3603 | D:5      | Gained mutation: Your spells are a little harder to cast, but a little more powerful. [mutagenic meat]
  3757 | D:5      | Noticed Jerry's ghost (novice DEFE)
  3768 | D:5      | Killed Jerry's ghost
  3768 | D:5      | Reached skill level 5 in Armour
  3773 | D:5      | Reached XP level 8. HP: 62/72 MP: 9/11
  4313 | D:5      | Found a faded altar of an unknown god.
  4313 | D:5      | Found a sacrificial altar of Ru.
  4323 | D:5      | Found a faded altar of an unknown god.
  4341 | D:5      | Found a faded altar of an unknown god.
  4344 | D:5      | Found a faded altar of an unknown god.
  4354 | D:5      | Became a worshipper of Ru the Awakened
  4504 | D:5      | Found a shimmering altar of Xom.
  4898 | D:6      | Found a glowing drain.
  4940 | Sewer    | Entered a sewer
  4950 | Sewer    | Reached skill level 5 in Evocations
  4962 | Sewer    | Gained mutation: You have large cloven feet. [potion of mutation]
  4962 | Sewer    | Lost mutation: You have large cloven feet. [potion of mutation]
  4962 | Sewer    | Gained mutation: You are frail. (-10% HP) [potion of mutation]
  5050 | Sewer    | Found a glowing silver altar of Zin.
  5404 | D:7      | Found a staircase to the Ecumenical Temple.
  5431 | D:7      | Gained mutation: You passively map the area around you. [Deep Dwarf growth]
  5431 | D:7      | Reached XP level 9. HP: 10/71 MP: 12/12
  5456 | Temple   | Entered the Ecumenical Temple
  5611 | D:7      | Found Oram's Assorted Antiques.
  5653 | D:7      | Gained mutation: You have somewhat slow reflexes. (EV -3) [Ru sacrifice]
  5653 | D:7      | Reached * piety under Ru
  5691 | D:7      | Noticed Menkaure
  5701 | D:7      | Killed Menkaure
  6036 | D:7      | Found a runed door.
  6182 | D:7      | Noticed Crazy Yiuf
  6186 | D:7      | Killed Crazy Yiuf
  6347 | D:8      | Reached skill level 5 in Fighting
  6568 | D:8      | Found a glowing silver altar of Zin.
  7311 | D:9      | Found a basalt altar of Yredelemnul.
  7550 | D:9      | Gained mutation: You cannot read scrolls while threatened. [Ru sacrifice]
  7550 | D:9      | Reached ** piety under Ru
  7868 | D:9      | Reached XP level 10. HP: 57/81 MP: 12/12
  7926 | D:9      | Found an iron altar of Okawaru.
  8365 | D:9      | Paralysed by a hornet for 1 turns
  8834 | D:10     | Entered Level 10 of the Dungeon
  8902 | D:10     | Found a staircase to the Lair.
  9476 | D:10     | Noticed a hill giant
  9486 | D:10     | Slain by a hill giant

Skill      XL: |  1  2  3  4  5  6  7  8  9 |
---------------+----------------------------+-----
Axes           | 3 4 5 7 9 |  9.6
Evocations     | 1 2 3 4 5 |  5.3
Fighting       | 3 4 5 |  5.9
Shields        | 4 5 6 7 9 |  9.6
Armour         | 4 5 6 7 |  7.5

Action                   |  1- 3 |  4- 6 |  7- 9 | 10-12 || total
-------------------------+-------+-------+-------+-------++-------
Melee: War axe           |   100 |   249 |   474 |   197 ||  1020
       Headbutt          |       |       |    93 |    47 ||   140
Invok: Sacrifice Words   |       |       |     1 |       ||     1
       Sacrifice Health  |       |       |     1 |       ||     1
 Abil: Device Recharging |       |       |     2 |     1 ||     3
Evoke: Wand              |       |     3 |    15 |     6 ||    24
  Use: Scroll            |       |       |     8 |     2 ||    10
       Potion            |       |       |     2 |       ||     2
 Stab: Distracted        |       |       |       |     1 ||     1
  Eat: Chunk             |     2 |     7 |    19 |     6 ||    34
Armor: Scale mail        |    50 |    25 |       |       ||    75
       Chain mail        |       |   135 |   321 |       ||   456
       Plate armour      |       |       |       |    71 ||    71
Dodge: Dodged            |    33 |    71 |   106 |    12 ||   222
Block: Shield            |    54 |   137 |   287 |   114 ||   592
       Reflection        |       |       |       |     2 ||     2
